 Dungeon Crawl Stone Soup version 0.26.0-3-g156281e41b (webtiles) character file.

Game seed: 10242279268700512988

2237 EnegeticOcto the Cleaver (level 9, -9/81 HPs)
             Began as a Deep Dwarf Fighter on Jan 9, 2021.
             Was a Follower of Makhleb.
             Mangled by a two-headed ogre
             ... wielding a +0 giant spiked club
              (19 damage)
             ... on level 7 of the Dungeon.
             The game lasted 00:02:43 (3050 turns).

EnegeticOcto the Cleaver (Deep Dwarf Fighter)       Turns: 3050, Time: 00:02:43

Health: -9/81      AC: 10    Str: 22    XL:     9   Next: 14%
Magic:  7/7        EV:  6    Int: 10    God:    Makhleb [*.....]
Gold:   227        SH: 11    Dex: 12    Spells: 8/8 levels left

rFire    . . .     SeeInvis .   a - +1 war axe (elec)
rCold    . . .     Faith    .   c - +0 kite shield
rNeg     . . .     Spirit   .   o - +0 chain mail
rPois    .         Reflect  .   (no helmet)
rElec    .         Harm     .   (no cloak)
rCorr    +         Rampage  .   (no gloves)
Will     +....                  (no boots)
Stlth    ..........             (no amulet)
HPRegen  0.00/turn              t - ring of resist corrosion
MPRegen  0.10/turn              (no ring)

@: lethally poisoned (-9 -> -9), non-regenerating
A: damage resistance, heal wounds, sense surroundings 2, no regeneration
a: Heal Wounds, Renounce Religion


You were on level 7 of the Dungeon.
You worshipped Makhleb.
Makhleb was aware of your devotion.
You visited 2 branches of the dungeon, and saw 8 of its levels.

You collected 227 gold pieces.

Inventory:

Hand Weapons
 a - a +1 war axe of electrocution (weapon)
Armour
 c - a +0 kite shield (worn)
 o - a +0 chain mail (worn)
Jewellery
 t - a ring of resist corrosion (left hand)
Wands
 p - a wand of iceblast (23) {@v2}
 u - a wand of paralysis (5)
Scrolls
 d - 2 scrolls of enchant armour
 f - 5 scrolls of teleportation {@r3}
 g - 3 scrolls of immolation
 h - 2 scrolls of magic mapping {@r5}
 i - 4 scrolls of remove curse {@r2}
 m - a scroll of blinking {@r4}
Potions
 j - 2 potions of heal wounds {@q2}
 k - 4 potions of curing {@q1}
 l - a potion of mutation
 q - a potion of invisibility
 v - a potion of magic


   Skills:
 + Level 5.5 Fighting
 * Level 8.5 Axes
 + Level 6.7 Armour
 + Level 6.6 Shields
 + Level 3.3 Invocations


You had 8 spell levels left.
You didn't know any spells.
Your spell library was empty.

Dungeon Overview and Level Annotations

Branches:
Dungeon (7/15)             Temple (1/1) D:6

Altars:
Ashenzari
Cheibriados
Dithmenos
Elyvilon
Fedhas
Hepliaklqana
Kikubaaqudgha
Makhleb
Nemelex Xobeh
Okawaru
Qazlal
Ru
Sif Muna
Trog
Wu Jian
Zin
The Shining One

Shops:
D:7 ?


Innate Abilities, Weirdness & Mutations

You are resistant to damage.
You can heal yourself by infusing magical energy.
You passively map the area around you.
You do not regenerate.


Message History

Your magic begins regenerating once more.
You drop an uncursed amulet of guardian spirit.
Magic restored.
There is an open door here.
An orc comes into view. It is wielding a +0 short sword.
The orc shouts!
You hear a shout!
An orc is nearby!
An orc is nearby!
The orc barely misses you.
You slash the orc!
You kill the orc!
Makhleb accepts your kill.
An orc comes into view. It is wielding a +0 hand axe.
The orc shouts!
Things that are here:
a +0 short sword; an orc corpse An orc comes into view.
It is wielding a -2 short sword.
You slash the orc!
You kill the orc!
Makhleb accepts your kill. The orc hits you but does no damage.
Things that are here:
a +0 hand axe; an orc corpse You hit the orc.
Lightning courses through the orc!!
You kill the orc!
Makhleb accepts your kill.
No target in view!
No target in view!
No target in view!
You see here a cursed -2 short sword.
d - 2 scrolls of enchant armour (gained 1)
Found a stone staircase leading down.
A two-headed ogre comes into view.
It is wielding two +0 giant spiked clubs.
A ball python and a scorpion come into view.
The two-headed ogre shouts in stereo!
The ball python hisses angrily.
Found 12 gold pieces.
A hound comes into view.
Found 11 gold pieces.
Found Ecycziek's Magic Scroll Boutique.
Found an escape hatch in the ceiling.
The hound barks!
You slash the ball python!
You kill the ball python!
Makhleb accepts your kill.
You can now gain health from killing.
A shadow imp comes into view.
The shadow imp shouts, "Slither home, thou pribbling pelf-dandling guttersnipe!"
The two-headed ogre hits you with a +0 giant spiked club!!
* * * LOW HITPOINT WARNING * * *
You block the two-headed ogre's attack.
You are too injured to fight recklessly!
You are too injured to fight recklessly!
You are too injured to fight recklessly!
You are too injured to fight recklessly!
You are too injured to fight recklessly!
You are too injured to fight recklessly!
You are too injured to fight recklessly!
You are too injured to fight recklessly!
You are too injured to fight recklessly!
You are too injured to fight recklessly!
You are too injured to fight recklessly!
You are too injured to fight recklessly!
You are too injured to fight recklessly!
You are too injured to fight recklessly!
The scorpion stings you.
You are poisoned.
The scorpion poisons you! The shadow imp puffs mist at you.
You feel much better.
The scorpion stings you but does no damage.
You fail to use your ability.
The scorpion barely misses you.
Your shield and chain mail prevent you from hitting the scorpion.
The scorpion closely misses you.
You feel much better. You block the scorpion's attack.
You feel much better. The scorpion stings you.
The shadow imp shouts, "Slither home, thou quaking dirt-delving giglet!"
You hit the scorpion but do no damage. Lightning courses through the scorpion!
The scorpion is severely wounded.
The scorpion stings you.
You slash the scorpion!
Lightning courses through the scorpion!!
You kill the scorpion!
Makhleb accepts your kill.
You barely miss the two-headed ogre. You hit the two-headed ogre.
The two-headed ogre is lightly wounded.
The two-headed ogre hits you with a +0 giant spiked club!!
The two-headed ogre hits you with a +0 giant spiked club.
You slash the two-headed ogre!
The two-headed ogre is moderately wounded.
The two-headed ogre hits you with a +0 giant spiked club!
The two-headed ogre barely misses you.
You slash the two-headed ogre!
The two-headed ogre is heavily wounded.
The two-headed ogre hits you with a +0 giant spiked club.
The two-headed ogre hits you with a +0 giant spiked club!
You completely miss the two-headed ogre.
The two-headed ogre is heavily wounded.
The two-headed ogre hits you with a +0 giant spiked club!!
* * * LOW HITPOINT WARNING * * *
The two-headed ogre hits you with a +0 giant spiked club!!
You die...

################
...............#
##############.##
#..# ##.## #..#
##.## *# #@.# ,.#
*,,, **
######O##8.####
,,, ,
......h5..<$...'
,
*####....8.∩.8..#
, **
#$....#.###'# ,,
#.....#8# , ,
#......# # , ,
#......# ,, *
#.......* ,, *


You could see a two-headed ogre and a shadow imp.

Vanquished Creatures
  Menkaure (D:4)
  An orc warrior (D:6)
  An ice beast (D:7)
  3 ogres
  2 phantoms (D:6)
  3 centaurs
  Blork the orc (D:4)
  A bullfrog (D:6)
  3 scorpions
  2 howler monkeys
  A bullfrog zombie (D:5)
  3 hounds
  3 orc wizards
  4 orc priests
  A jelly (D:5)
  4 bullfrog skeletons
  Ijyb (D:3)
  Natasha (thrice) (D:4)
  An iguana (D:6)
  6 worker ants
  A killer bee zombie (D:6)
  3 gnolls (D:4)
  6 adders
  A shadow imp (D:6)
  An ooze (D:5)
  An adder zombie (D:5)
  An adder skeleton (D:4)
  2 worms
  A dart slug (D:5)
  A leopard gecko (D:1)
  23 orcs
  2 bats
  2 giant cockroaches
  3 goblins (D:1)
  5 hobgoblins
  4 jackals (D:1)
  2 quokkas (D:5)
  3 ball pythons
  A frilled lizard (D:5)
  5 kobolds
  A leopard gecko skeleton (D:6)
  A quokka skeleton (D:4)
  2 rats
117 creatures vanquished.

Vanquished Creatures (others)
  7 toadstools (D:3)
7 creatures vanquished.

Grand Total: 124 creatures vanquished

Notes
Turn   | Place    | Note
-------+----------+-------------------------------------------
     0 | D:1      | EnegeticOcto the Deep Dwarf Fighter began the quest for the
                  | Orb.
     0 | D:1      | Reached XP level 1. HP: 20/20 MP: 1/1
   160 | D:1      | Reached XP level 2. HP: 22/27 MP: 2/2
   612 | D:2      | Reached skill level 3 in Axes
   612 | D:2      | Reached XP level 3. HP: 26/34 MP: 3/3
   667 | D:3      | Found a snail-covered altar of Cheibriados.
   667 | D:3      | Found a shimmering blue altar of Sif Muna.
   771 | D:3      | Found an ornate altar of the Wu Jian Council.
   791 | D:3      | Noticed Ijyb
   815 | D:3      | Killed Ijyb
   816 | D:3      | Reached XP level 4. HP: 42/42 MP: 4/4
   923 | D:4      | Reached skill level 4 in Axes
   923 | D:4      | Reached XP level 5. HP: 49/49 MP: 5/5
  1000 | D:4      | Reached XP level 6. HP: 41/56 MP: 6/6
  1020 | D:4      | Found a sparkling altar of Nemelex Xobeh.
  1024 | D:4      | Noticed Blork the orc
  1026 | D:4      | Noticed Menkaure
  1037 | D:4      | Killed Blork the orc
  1038 | D:4      | Reached skill level 5 in Axes
  1046 | D:4      | Killed Menkaure
  1092 | D:4      | Noticed Natasha
  1096 | D:4      | Killed Natasha
  1112 | D:4      | Reached XP level 7. HP: 45/64 MP: 5/5
  1118 | D:4      | Noticed Natasha
  1122 | D:4      | Killed Natasha
  1123 | D:4      | Reached skill level 5 in Armour
  1123 | D:4      | Reached skill level 5 in Shields
  1257 | D:4      | Noticed Natasha
  1272 | D:4      | Killed Natasha
  1273 | D:4      | Reached skill level 6 in Axes
  1299 | D:4      | Found a white marble altar of Elyvilon.
  1544 | D:5      | Entered Level 5 of the Dungeon
  1610 | D:5      | Reached XP level 8. HP: 32/73 MP: 5/5
  1703 | D:5      | Found an ancient bone altar of Kikubaaqudgha.
  1748 | D:5      | Reached skill level 7 in Axes
  1948 | D:6      | Found a staircase to the Ecumenical Temple.
  1957 | Temple   | Entered the Ecumenical Temple
  1968 | Temple   | Became a worshipper of Makhleb the Destroyer
  2044 | D:6      | Reached skill level 5 in Fighting
  2044 | D:6      | Reached skill level 1 in Invocations
  2311 | D:6      | Reached skill level 8 in Axes
  2724 | D:6      | Gained mutation: You passively map the area around you.
                  | [Deep Dwarf growth]
  2724 | D:6      | Reached XP level 9. HP: 47/81 MP: 7/7
  3032 | D:7      | Noticed a two-headed ogre
  3034 | D:7      | Found Ecycziek's Magic Scroll Boutique.
  3035 | D:7      | Reached * piety under Makhleb
  3050 | D:7      | Mangled by a two-headed ogre

Illustrated notes

Levels and vault maps discovered:
D:1:      giann_forest_graveyard, layout_basic
D:2:      layout_basic, minmay_misc_feat_rows, due_unseen_surprise, uniq_terence
D:3:      cheibrodos_fertilizer, layout_rooms, lemuel_doored_altar,
          lemuel_round_altar, chequers_temple_overflow_statue_of_worship,
          uniq_crazy_yiuf_cottage, uniq_ijyb
D:4:      layout_rooms, lemuel_crystal_altar, nemelex_xobeh_ov_fountains_minmay,
          minmay_quadrilaterals, uniq_menkaure, uniq_blork_the_orc, uniq_natasha
D:5:      layout_cave_pools, lemuel_zombie_altar_kikubaaqudgha, serial_glass,
          glass_columns_a, glass_columns_b
D:6:      layout_gridville, minmay_temple_entry_waves
D:7:      layout_basic, lemuel_crystal_altar, serial_shops,
          nicolae_shop_statue_plus, uniq_joseph
Temple:   cyrus_circular_temple

Skill      XL: |  1  2  3  4  5  6  7  8 |
---------------+-------------------------+-----
Fighting       | 3 4 5 |  5.5
Axes           | 3 4 5 6 8 |  8.5
Armour         | 4 5 6 |  6.7
Shields        | 4 5 6 |  6.6
Invocations    | 3 |  3.3

Action                   |  1- 3 |  4- 6 |  7- 9 || total
-------------------------+-------+-------+-------++-------
Melee: War axe           |    86 |    74 |   279 ||   439
 Abil: Heal Wounds       |     1 |     8 |    21 ||    30
  Use: Scroll            |       |       |    15 ||    15
Armor: Scale mail        |    28 |    37 |    64 ||   129
       Chain mail        |       |       |    44 ||    44
Dodge: Dodged            |    28 |    24 |    67 ||   119
Block: Kite shield       |    44 |    52 |   146 ||   242
